[Event "Early-Titled-Tuesday-Blitz-January-23-2024"]
[Site "Chess.com"]
[Date "2024.01.23"]
[Round "11"]
[White "C_K_G"]
[Black "Championnn-9"]
[Result "1-0"]
[WhiteElo "2135"]
[BlackElo "2560"]
[TimeControl "180+1"]
[EndTime "10:06:16 PST"]
[Termination "C_K_G won by resignation"]

1. e4 a6 2. Nf3 c6 3. d4 d5 4. e5 Bf5 5. Bd3 g6 6. Bxf5 gxf5 7.
O-O e6 8. Bg5 Be7 9. Bxe7 Nxe7 10.
c3 Ng6 11. Re1 Nd7 12. Nbd2 h5 13. a3 h4 14. h3 Rg8 15. Kh1 Nf4 16. Rg1 Qe7 17.
b4 Rg7 18. Nf1 f6 19. exf6 Nxf6 20. Qd2 Qd6 21. Ne5 N4h5 22. Qh6 O-O-O 23. a4 Rdg8 24. b5 Rh7 25. Qe3 Ne4 26. bxc6 bxc6 27. Rb1 c5 28.
Rb2 f4 29. Qd3 c4 30. Qb1 Nxc3 31. Qxh7 Nf6 32. Qb7+ Kd8 33. Nf7+ 1-0

[Event "Early-Titled-Tuesday-Blitz-January-23-2024"]
[Site "Chess.com"]
[Date "2024.01.23"]
[Round "11"]
[White "Heinza9"]
[Black "TheoSlade"]
[Result "0-1"]
[WhiteElo "2330"]
[BlackElo "2472"]
[TimeControl "180+1"]
[EndTime "10:06:20 PST"]
[Termination "TheoSlade won by resignation"]

1. e4 e5 2. Nf3 Nc6 3. Nc3 Nf6 4.
d4 exd4 5. Nd5 Nb4 6. Bc4 Nbxd5 7. exd5 Bb4+ 8. Bd2 Bxd2+ 9. Qxd2 O-O 10. O-O-O d6 11. h3 b5 12. Bb3 a5 13. a3 a4 14. Ba2 Bb7 15. Qxd4 Re8 16. Rhe1 Rxe1 17. Rxe1 c6 18. dxc6 Bxc6 19. Ng5 d5 20. Qc5 Rc8 21. Qe7 Be8 22.
c3 Qxe7 23. Rxe7 Kf8 24. Re5 d4 25. Kd2 h6 26. Nf3 dxc3+ 27. bxc3 Bc6 28. Nd4 Bxg2 29. h4 Ne4+ 30. Ke3 Nxc3 0-1

[Event "Early-Titled-Tuesday-Blitz-January-23-2024"]
[Site "Chess.com"]
[Date "2024.01.23"]
[Round "11"]
[White "Piotrek1979"]
[Black "carloseduar100"]
[Result "1-0"]
[WhiteElo "2410"]
[BlackElo "2298"]
[TimeControl "180+1"]
[EndTime "10:06:21 PST"]
[Termination "Piotrek1979 won by resignation"]

1. d4 d5 2. c4 e5 3. dxe5 d4 4. Nf3 Nc6 5. a3 Nge7 6. b4 Ng6 7.
Bb2 a5 8. b5 Ncxe5 9. Qxd4 Qxd4 10. Bxd4 Nxc4 11. e3 Nd6 12. Nbd2 f6 13. Rc1 Kd8 14.
Be2 Be6 15. O-O Kd7 16. Rfd1 Be7 17. Bb2 Bd5 18. e4 Be6 19. Nd4 Nf4 20. Bf1 Rhc8 21.
Nxe6 Kxe6 22. g3 Ng6 23. Bh3+ Kf7 24. Bxc8 Rxc8 25. a4 Ke6 26. f4 Kf7 27. Re1 Bf8 28. Kg2 h5 29. Nc4 Nxc4 30. Rxc4 Bd6 31. e5 fxe5 32.
fxe5 Be7 33. e6+ Kf8 34. Rf1+ Kg8 35. Rf7 Bd6 36. Rxg7+ 1-0

[Event "Early-Titled-Tuesday-Blitz-January-23-2024"]
[Site "Chess.com"]
[Date "2024.01.23"]
[Round "11"]
[White "pfalcon1949"]
[Black "BM223344"]
[Result "0-1"]
[WhiteElo "2045"]
[BlackElo "2530"]
[TimeControl "180+1"]
[EndTime "10:06:23 PST"]
[Termination "BM223344 won by resignation"]

1. e4 e6 2. d4 d5 3. Nc3 Nf6 4. e5 Nfd7 5. f4 c5 6. Nf3 Nc6 7. Be3 a6 8. Qd2 b5 9. dxc5 Bxc5 10. O-O-O Qb6 11. Nd4 O-O 12. h4 Nxd4 13. Bxd4 Bxd4 14. Qxd4 b4 15. Qxb6 Nxb6 16. Ne2 a5 17. Nd4 Ba6 18.
Bxa6 Rxa6 19. h5 a4 20. g4 Nc4 21. Rh3 h6 22. Rg1 Kh7 23. g5 hxg5 24. Rxg5 f6 25. exf6 Rxf6 26. Rg4 e5 27. Ne2 exf4 28. Nxf4 Rae6 29.
Rh1 Re4 30. Nxd5 Rxg4 31. Nxf6+ gxf6 32. b3 axb3 33. axb3 Nd6 34. Kb2 Ne4 35. Rh2 Kh6 36.
c4 bxc3+ 37. Kc2 f5 38. b4 Rg8 39. Kd3 Rc8 40. Kc2 Rd8 41. Kb3 Rd2 42. Rh3 Rb2+ 43. Kc4 c2 0-1

[Event "Early-Titled-Tuesday-Blitz-January-23-2024"]
[Site "Chess.com"]
[Date "2024.01.23"]
[Round "11"]
[White "Kunalm64"]
[Black "inneremptiness"]
[Result "0-1"]
[WhiteElo "2579"]
[BlackElo "2850"]
[TimeControl "180+1"]
[EndTime "10:06:24 PST"]
[Termination "inneremptiness won by resignation"]

1. e4 c5 2. Nf3 Nc6 3. Bb5 g6 4.
O-O Bg7 5. Re1 Nf6 6. Nc3 O-O 7. e5 Ne8 8. Bxc6 dxc6 9. h3 Nc7 10. d3 Ne6 11.
Be3 b6 12. Qd2 Nd4 13. Bxd4 cxd4 14. Ne4 Qd5 15. Qg5 Re8 16. Qh4 c5 17. Nf6+ exf6 18. exf6 Rxe1+ 19. Rxe1 Bf8 20. Ng5 h6 21. Ne4 Bb7 22.
f3 Re8 23. Qg3 Qe5 24. Qf2 Re6 25. f4 Qc7 26. f5 gxf5 27. Qxf5 Qe5 28. Qg4+ Kh7 29.
Rf1 Bxe4 30. dxe4 Qxe4 31. Qh5 Qg6 32. Qf3 Bd6 33. g4 Qe4 0-1

[Event "Early-Titled-Tuesday-Blitz-January-23-2024"]
[Site "Chess.com"]
[Date "2024.01.23"]
[Round "11"]
[White "SirStrateg"]
[Black "snowlord"]
[Result "0-1"]
[WhiteElo "2664"]
[BlackElo "2865"]
[TimeControl "180+1"]
[EndTime "10:06:25 PST"]
[Termination "snowlord won by resignation"]

1. d4 d5 2. Bf4 Bf5 3. e3 e6 4. Nf3 Nf6 5. Nbd2 Bd6 6. Bg3 O-O 7. a3 c5 8. c3 c4 9. Ne5 Nc6 10. Be2 Bxe5 11. dxe5 Nd7 12. e4 Bg6 13. exd5 exd5 14. f4 Qb6 15. b4 Qe3 16. Qc1 Bd3 17. Qd1 Bxe2 18. Qxe2 Qxc3 19. O-O a5 20. Nf3 axb4 21. Rfc1 Nd4 22. Qf2 Nxf3+ 23. gxf3 Rxa3 24. Rab1 Qxf3 25. Qxf3 Rxf3 26. Rxb4 b6 27. Rd1 Rb3 28. Rxb3 cxb3 29. Rxd5 Nc5 30. Rd4 g6 31. Rb4 Rd8 32. Rxb6 Rd1+ 33.
Kg2 Rd2+ 34. Kf3 b2 35. Bh4 Rd3+ 36. Ke2 Rb3 37. Rd6 b1=Q 38. Rd8+ Kg7 39. Bf6+ Kh6 40. Bg5+ Kh5 0-1

[Event "Early-Titled-Tuesday-Blitz-January-23-2024"]
[Site "Chess.com"]
[Date "2024.01.23"]
[Round "11"]
[White "DTChess"]
[Black "FMCASTE"]
[Result "1-0"]
[WhiteElo "2616"]
[BlackElo "2499"]
[TimeControl "180+1"]
[EndTime "10:06:25 PST"]
[Termination "DTChess won by checkmate"]

1. e4 g6 2. d4 Bg7 3. Nc3 d6 4. Be3 a6 5. Bc4 e6 6. Bb3 Ne7 7. Nge2 h6 8. f3 Nd7 9. h4 b5 10. a3 Bb7 11. Qd2 Nb6 12. O-O-O d5 13. h5 g5 14. g4 Qd7 15. f4 gxf4 16. Nxf4 dxe4 17.
d5 Nbxd5 18. Ncxd5 Nxd5 19. Nxd5 Bxd5 20. Bxd5 exd5 21.
Bd4 Bxd4 22. Qxd4 O-O-O 23. Rhf1 Kb7 24. a4 Rhe8 25. axb5 axb5 26. Rf6 Qxg4 27. Rxf7 Qxh5 28. Rdf1 e3 29. Qc5 Qe5 30. Qxb5+ Ka7 31. R1f6 Re6 32. Rxe6 Qxe6 33. Rxc7+ Ka8 34. Qb7# 1-0

[Event "Early-Titled-Tuesday-Blitz-January-23-2024"]
[Site "Chess.com"]
[Date "2024.01.23"]
[Round "11"]
[White "Yushko_Olga"]
[Black "AndresDelgado77"]
[Result "0-1"]
[WhiteElo "2188"]
[BlackElo "2390"]
[TimeControl "180+1"]
[EndTime "10:06:28 PST"]
[Termination "AndresDelgado77 won by resignation"]

1. d4 Nf6 2. c4 e5 3. dxe5 Ng4 4. Nf3 Bc5 5. e3 Nc6 6. Be2 O-O 7. O-O Re8 8. Nc3 Ngxe5 9. a3 a5 10. Rb1 Nxf3+ 11. Bxf3 Ne5 12. Be2 Ra6 13. e4 Rd6 14. Qc2 Rg6 15.
Bf4 d6 16. b4 axb4 17. axb4 Bd4 18. Nb5 Nc6 19. Rfd1 Qf6 20. g3 Qxf4 21. Bh5 Rg5 22. h4 Qxg3+ 23. Kf1 Qg2+ 24. Ke1 Rxe4+ 25. Kd2 Qxf2+ 26.
Kc1 Qxc2+ 27. Kxc2 Rxh5 28. Nxc7 Bf5 29. Rbc1 Be3 30.
Ra1 Rxc4+ 31. Kb3 Rxb4+ 32. Ka3 Bc5 33. Rac1 Rc4+ 34. Ka2 Rxc1 35. Rxc1 Rxh4 36. Re1 h5 37. Nd5 Be6 38. Rxe6 fxe6 39. Nc7 Kh8 40. Kb3 Rh2 41.
Nxe6 h4 42. Ng5 h3 43. Nf3 Rh1 44. Kc4 h2 0-1

[Event "Early-Titled-Tuesday-Blitz-January-23-2024"]
[Site "Chess.com"]
[Date "2024.01.23"]
[Round "11"]
[White "AljoschaFeuerstack"]
[Black "Revan_2002"]
[Result "0-1"]
[WhiteElo "2621"]
[BlackElo "2433"]
[TimeControl "180+1"]
[EndTime "10:06:29 PST"]
[Termination "Revan_2002 won by resignation"]

1. e4 e6 2. d3 d5 3. Nd2 c5 4. Ngf3 Nc6 5. g3 Nf6 6. Bg2 Be7 7. O-O O-O 8. Re1 dxe4 9. dxe4 e5 10. c3 Be6 11. Qe2 h6 12. Nc4 Qc7 13. Nh4 Rad8 14. Nf5 Bxf5 15. exf5 Rfe8 16. a4 Bf8 17. h4 e4 18. Bf4 Qc8 19. g4 Nd5 20. Bg3 a6 21. Rad1 b5 22. Rxd5 Rxd5 23. Nb6 Qd8 24. Nxd5 Qxd5 25. axb5 axb5 26. Qxb5 Bd6 27. Bxd6 Qxd6 28. Bxe4 Re7 29. Kf1 Ne5 30. Qe2 c4 31. f4 Nd3 32. Qf3 Nxe1 33. Kxe1 Qd5 0-1

[Event "Early-Titled-Tuesday-Blitz-January-23-2024"]
[Site "Chess.com"]
[Date "2024.01.23"]
[Round "11"]
[White "ChainedDowntohell"]
[Black "sokidze"]
[Result "1/2-1/2"]
[WhiteElo "2607"]
[BlackElo "2847"]
[TimeControl "180+1"]
[EndTime "10:06:31 PST"]
[Termination "Game drawn by repetition"]

1. d4 Nf6 2. c4 e6 3. Nf3 d5 4.
Nc3 a6 5. c5 b6 6. cxb6 c5 7.
Bf4 Bd6 8. Bxd6 Qxd6 9. e3 O-O 10. dxc5 Qxc5 11. Qd4 Qd6 12. Na4 Ne4 13. Rd1 Rd8 14. Nd2 Nxd2 15. Rxd2 Nc6 16. Qc5 Qxc5 17. Nxc5 Rb8 18.
Bxa6 Bxa6 19. Nxa6 Rxb6 20. Nc5 Ne5 21. b3 Rc6 22.
Nd3 Nxd3+ 23. Rxd3 Rc1+ 24. Rd1 Rc2 25. Rd2 Rc1+ 26.
Rd1 Rc2 27. Rd2 Rc1+ 28. Rd1 1/2-1/2

[Event "Early-Titled-Tuesday-Blitz-January-23-2024"]
[Site "Chess.com"]
[Date "2024.01.23"]
[Round "11"]
[White "Zavgorodniy_Sergiy"]
[Black "vovachesss"]
[Result "0-1"]
[WhiteElo "2638"]
[BlackElo "2852"]
[TimeControl "180+1"]
[EndTime "10:06:31 PST"]
[Termination "vovachesss won by checkmate"]

1. e4 e5 2. Nf3 d5 3. d3 Nc6 4. exd5 Qxd5 5. Nc3 Bb4 6. Bd2 Bxc3 7. Bxc3 Nf6 8. Be2 b6 9. O-O Bb7 10. Re1 O-O-O 11.
Nd2 Nd4 12. Bf1 Rhe8 13. a4 a6 14. a5 b5 15. Ne4 Nxe4 16. Rxe4 f5 17. Re1 Rd6 18.
Bxd4 Qxd4 19. c3 Qh4 20. g3 Qh6 21. d4 Ree6 22. Qc1 f4 23. Rxe5 Rf6 24. Re8+ Kd7 25. Qe1 Rde6 26. Rxe6 Rxe6 27. Qd1 fxg3 28. h3 gxf2+ 29.
Kxf2 Qe3# 0-1

[Event "Early-Titled-Tuesday-Blitz-January-23-2024"]
[Site "Chess.com"]
[Date "2024.01.23"]
[Round "11"]
[White "dosto07"]
[Black "brm72"]
[Result "1-0"]
[WhiteElo "2548"]
[BlackElo "2673"]
[TimeControl "180+1"]
[EndTime "10:06:32 PST"]
[Termination "dosto07 won by resignation"]

1. e4 c5 2. Nf3 Nc6 3. Bb5 e5 4. c3 Nge7 5. O-O g6 6. d4 exd4 7. cxd4 cxd4 8. Nxd4 Bg7 9. Be3 O-O 10. Nc3 d5 11. Bxc6 bxc6 12. Bg5 h6 13. Nxc6 Nxc6 14. Bxd8 Rxd8 15. Nxd5 Be6 16. Qa4 Nd4 17. Nc7 Bd7 18. Qa5 Rab8 19. Rfd1 Bc6 20. Nd5 Re8 21. Qxa7 Bxd5 22.
exd5 Ne2+ 23. Kf1 Rxb2 24. d6 Bf6 25. d7 Rd8 26. Re1 Nf4 27. Re8+ Kh7 28. Rxd8 Bxd8 29. Qd4 1-0

[Event "Early-Titled-Tuesday-Blitz-January-23-2024"]
[Site "Chess.com"]
[Date "2024.01.23"]
[Round "11"]
[White "secretsuperstar7"]
[Black "giomar27"]
[Result "1/2-1/2"]
[WhiteElo "2508"]
[BlackElo "2419"]
[TimeControl "180+1"]
[EndTime "10:06:33 PST"]
[Termination "Game drawn by repetition"]

1. c4 f6 2. d4 g6 3. e4 Nh6 4.
Nc3 Nf7 5. Nf3 Bg7 6. Be2 O-O 7.
O-O d6 8. d5 e5 9. dxe6 Bxe6 10. Nd4 Bd7 11. Be3 Nc6 12. Nd5 Re8 13. f3 Nxd4 14. Bxd4 Ne5 15. c5 c6 16. Nc3 dxc5 17. Bxc5 b6 18. Be3 Be6 19. Qa4 Qc7 20. Rac1 f5 21. Nd5 Qf7 22. Nf4 fxe4 23. Nxe6 Qxe6 24.
f4 Nd3 25. Rxc6 Qd7 26. Qc4+ Kh8 27. Rc7 Qe6 28. Qc2 Rac8 29. Rd1 Rxc7 30. Qxc7 Qxa2 31.
Qd7 Qe6 32. Qxa7 Bxb2 33. Bxb6 Nxf4 34. Bd4+ Bxd4+ 35. Qxd4+ Qe5 36. Qe3 Qg5 37. Qd4+ Qe5 38. Qe3 Nxe2+ 39. Qxe2 e3 40. Rd3 Qa1+ 41. Rd1 Qe5 42.
Rd3 Qf4 43. Qb2+ Qe5 44. Qe2 1/2-1/2

[Event "Early-Titled-Tuesday-Blitz-January-23-2024"]
[Site "Chess.com"]
[Date "2024.01.23"]
[Round "11"]
[White "ferdipy"]
[Black "PawnEatingZombie"]
[Result "1-0"]
[WhiteElo "2291"]
[BlackElo "2104"]
[TimeControl "180+1"]
[EndTime "10:06:33 PST"]
[Termination "ferdipy won by resignation"]

1. e4 e6 2. d4 d5 3. e5 c5 4. c3 Nc6 5. Nf3 Nge7 6. a3 Nf5 7. b4 cxd4 8. cxd4 Bd7 9. Nc3 b5 10. Bxb5 a5 11. Bxc6 Bxc6 12. b5 Bd7 13. O-O a4 14. Rb1 Be7 15. Qd3 O-O 16. b6 Qb8 17. g4 Nh4 18.
Nxh4 Bxh4 19. g5 f6 20. f4 fxg5 21. fxg5 Rxf1+ 22. Qxf1 Qd8 23. Qf4 Be1 24. b7 Rb8 25.
Nxd5 exd5 26. e6 Bxe6 27. Qe5 Bf7 28. Bf4 Rxb7 29. Rxb7 1-0

[Event "Early-Titled-Tuesday-Blitz-January-23-2024"]
[Site "Chess.com"]
[Date "2024.01.23"]
[Round "11"]
[White "Zgorl"]
[Black "Alex_Sahakyan2006"]
[Result "0-1"]
[WhiteElo "2535"]
[BlackElo "2716"]
[TimeControl "180+1"]
[EndTime "10:06:36 PST"]
[Termination "Alex_Sahakyan2006 won by resignation"]

1. Nf3 d5 2. c4 d4 3. b4 g5 4. h3 h6 5. g3 Bg7 6. d3 e5 7. Bg2 Ne7 8. Nbd2 O-O 9. O-O Ng6 10.
a4 f5 11. c5 h5 12. Nc4 g4 13. hxg4 hxg4 14. Nfd2 Be6 15. Qb3 Nd7 16. Ba3 Rf7 17.
b5 Bh6 18. Qc2 Rh7 19. Na5 Qg5 20. Rfd1 Qh5 21. Nxb7 Nf6 22. Nd6 Bxd2 23. Rxd2 Bd5 24.
Ne4 fxe4 25. dxe4 Nxe4 0-1

[Event "Early-Titled-Tuesday-Blitz-January-23-2024"]
[Site "Chess.com"]
[Date "2024.01.23"]
[Round "11"]
[White "JimDiGrease"]
[Black "Alexchess1984"]
[Result "1-0"]
[WhiteElo "2947"]
[BlackElo "2682"]
[TimeControl "180+1"]
[EndTime "10:06:37 PST"]
[Termination "JimDiGrease won by resignation"]

1. d4 Nf6 2. c4 g6 3. Nc3 d5 4.
Nf3 Bg7 5. cxd5 Nxd5 6. e4 Nxc3 7. bxc3 O-O 8. Be3 b6 9. Be2 Bb7 10. Qc2 c5 11. O-O cxd4 12. cxd4 Nc6 13. Rac1 Rc8 14. Qa4 e6 15. Rfd1 Na5 16. Bd3 Qd6 17. h4 Bc6 18. Qc2 Bb7 19. Qe2 Qa3 20. h5 Rfd8 21. h6 Bf8 22. Ne5 Rxc1 23. Bxc1 Qe7 24. Be3 Nc6 25. Nf3 Qd7 26. Bg5 Be7 27. Be3 Bf8 28. Bb5 Qd6 29. d5 exd5 30. Rxd5 Qc7 31. Qc2 Qc8 32. Bxc6 Bxc6 33.
Rxd8 Qxd8 34. Qxc6 1-0

[Event "Early-Titled-Tuesday-Blitz-January-23-2024"]
[Site "Chess.com"]
[Date "2024.01.23"]
[Round "11"]
[White "Anton_Demchenko"]
[Black "Meri-Arabidze"]
[Result "1/2-1/2"]
[WhiteElo "2914"]
[BlackElo "2745"]
[TimeControl "180+1"]
[EndTime "10:06:39 PST"]
[Termination "Game drawn by repetition"]

1. e4 c5 2. Nf3 Nc6 3. Bb5 e6 4.
Bxc6 bxc6 5. d3 Ne7 6. Qe2 d6 7.
h4 e5 8. h5 h6 9. Nh4 Ng8 10.
g4 Be7 11. Nf5 Bxf5 12. gxf5 Bg5 13. Be3 Nf6 14. Nd2 Nh7 15. O-O-O Bxe3 16. Qxe3 Ng5 17. f4 exf4 18. Qxf4 O-O 19. Nc4 d5 20. Nd6 f6 21.
exd5 cxd5 22. c4 d4 23. Rhe1 Rb8 24. Ne4 Qa5 25. a3 Nxe4 26. Rxe4 Rxb2 27. Kxb2 Qc3+ 28. Kb1 Qb3+ 29. Kc1 Qc3+ 30. Kb1 Qb3+ 31. Kc1 Qc3+ 32. Kb1 1/2-1/2

[Event "Early-Titled-Tuesday-Blitz-January-23-2024"]
[Site "Chess.com"]
[Date "2024.01.23"]
[Round "11"]
[White "mortngabriel"]
[Black "Balla_Tamas"]
[Result "1/2-1/2"]
[WhiteElo "2521"]
[BlackElo "2458"]
[TimeControl "180+1"]
[EndTime "10:06:40 PST"]
[Termination "Game drawn by repetition"]

1. e4 c5 2. Nf3 Nc6 3. d4 cxd4 4. Nxd4 e5 5. Nb5 d6 6. c4 Be7 7. Bd3 a6 8. N5c3 Bg5 9. O-O Bxc1 10. Qxc1 Nge7 11.
Nd5 O-O 12. Nbc3 Nd4 13. Ne2 Nxe2+ 14. Bxe2 Ng6 15. Qd1 Be6 16. Bg4 Bxd5 17. cxd5 Qg5 18. g3 Ne7 19. Rc1 f5 20. Bxf5 Nxf5 21. exf5 Qxf5 22.
Rc7 Rac8 23. Qc1 h5 24. h4 e4 25. Rxc8 Rxc8 26. Qd2 Re8 27. Re1 Re5 28. Qe3 Qg4 29. Qe2 Qf5 30. Qe3 Kh7 31. Kg2 Kg8 32. Kg1 1/2-1/2

[Event "Early-Titled-Tuesday-Blitz-January-23-2024"]
[Site "Chess.com"]
[Date "2024.01.23"]
[Round "11"]
[White "Ati1517"]
[Black "NovakRatko"]
[Result "0-1"]
[WhiteElo "2205"]
[BlackElo "2345"]
[TimeControl "180+1"]
[EndTime "10:06:41 PST"]
[Termination "NovakRatko won by resignation"]

1. e4 d5 2. exd5 c6 3. dxc6 Nxc6 4. Nc3 e5 5. Bb5 Bd6 6. Nf3 Ne7 7. O-O O-O 8. d4 exd4 9. Ne2 Bg4 10. Ng3 Qb6 11.
Bxc6 Nxc6 12. h3 Bxg3 13. fxg3 Bh5 14. g4 Bg6 15. Kh1 Qc5 16. Bf4 Bxc2 17. Qd2 d3 18.
Ne1 Qb4 19. Nxc2 Qxd2 20. Bxd2 dxc2 21. Rac1 Rfd8 22. Bc3 Rac8 23. Rxc2 Nb4 24. Rcf2 Nxa2 25. Rxf7 Nxc3 26. bxc3 Rf8 27. Rxf8+ Rxf8 28. Rb1 Rf7 29. Kh2 Rc7 30. Rb3 Kf7 31. Kg3 Ke6 32. Kf4 a5 33. Rb6+ Kd5 34. Rb5+ Kc4 35. Rxa5 Kxc3 36. Ke5 Kc4 37. Kd6 Rf7 38. Rc5+ Kb4 39. Rc2 b5 40. Ke6 Ra7 41. Rb2+ Kc4 42. Rc2+ Kb3 43. Rc6 Rb7 44. Kd5 b4 45. Kd4 Kb2 46. Kd3 b3 47. Kc4 Kc2 48. Kd4+ Kd2 49. Rd6 0-1

[Event "Early-Titled-Tuesday-Blitz-January-23-2024"]
[Site "Chess.com"]
[Date "2024.01.23"]
[Round "11"]
[White "Savagelittlemole"]
[Black "sonicdravise"]
[Result "1-0"]
[WhiteElo "2471"]
[BlackElo "2603"]
[TimeControl "180+1"]
[EndTime "10:06:42 PST"]
[Termination "Savagelittlemole won by checkmate"]

1. e4 c5 2. Nf3 Nc6 3. Bb5 d6 4. O-O Bd7 5. c4 Nf6 6. Nc3 e5 7. Re1 Be7 8. Nd5 O-O 9. d3 Bg4 10. h3 Bxf3 11. Qxf3 Nxd5 12. Bxc6 Nb4 13. Ba4 Qa5 14.
Qd1 Nxd3 15. Bd2 Qd8 16. Re3 Nxb2 17. Qb3 Nxa4 18. Qxa4 Bg5 19. Rd3 Bxd2 20. Rxd2 Qc7 21. Rad1 Rad8 22. Rd3 b6 23. R1d2 Rd7 24. Qd1 Rfd8 25.
Rg3 g6 26. h4 Qc6 27. Qf3 Re7 28. h5 Qd7 29. h6 Qe6 30. Qa3 f6 31. Qa4 Rf7 32.
Rgd3 f5 33. Qc6 fxe4 34. Rxd6 Rxd6 35. Rxd6 Qe7 36. Qd5 Kh8 37. Rd8+ Rf8 38. Qxe5+ Qxe5 39. Rxf8# 1-0

[Event "Early-Titled-Tuesday-Blitz-January-23-2024"]
[Site "Chess.com"]
[Date "2024.01.23"]
[Round "11"]
[White "jefferyx"]
[Black "Byniolus"]
[Result "1/2-1/2"]
[WhiteElo "3004"]
[BlackElo "2868"]
[TimeControl "180+1"]
[EndTime "10:06:43 PST"]
[Termination "Game drawn by repetition"]

1. e4 d5 2. exd5 Nf6 3. Bb5+ Bd7 4. Be2 Nxd5 5. d4 Bf5 6. Nf3 e6 7. O-O Be7 8. a3 O-O 9. c4 Nb6 10. Nc3 Nc6 11. Be3 Bf6 12. b4 Bg4 13. Ne4 Bxf3 14.
Nxf6+ Qxf6 15. Bxf3 Nxc4 16. Bxc6 bxc6 17. Qc2 Nxe3 18.
fxe3 Qg5 19. Rf3 a5 20. Rc1 axb4 21. axb4 Ra6 22. h3 h6 23. Kh2 Rb6 24. Qc5 Qd5 25. Rg3 Qd6 26. h4 Rxb4 27. Qxc6 Qxc6 28. Rxc6 Rb7 29.
Rf3 Ra8 30. g4 g6 31. Kg3 Kg7 32. Rf2 Ra3 33. Kf4 g5+ 34. hxg5 hxg5+ 35. Ke4 Rbb3 36.
Re2 Rb7 37. Rc5 Kg6 38. Ke5 Rbb3 39. e4 Rb6 40. Rf2 Ra7 41. Rf6+ Kg7 42. Rf2 Kg6 43. Rf6+ Kg7 44. Rf2 Kg6 1/2-1/2

[Event "Early-Titled-Tuesday-Blitz-January-23-2024"]
[Site "Chess.com"]
[Date "2024.01.23"]
[Round "11"]
[White "KetiTsatsalashvili"]
[Black "MaxLeto"]
[Result "1-0"]
[WhiteElo "2426"]
[BlackElo "2308"]
[TimeControl "180+1"]
[EndTime "10:06:43 PST"]
[Termination "KetiTsatsalashvili won on time"]

1. d4 h5 2. Nf3 h4 3. h3 e6 4.
c4 d5 5. Nc3 Be7 6. Bf4 Nf6 7. e3 b6 8. cxd5 exd5 9. Bb5+ c6 10.
Bd3 Bb7 11. Rc1 Nbd7 12. Qe2 Nf8 13. Ba6 Qc8 14. Bxb7 Qxb7 15. Ne5 Ne6 16. Bh2 Rc8 17. f4 b5 18. O-O b4 19. Na4 Ne4 20. f5 N6g5 21.
Rc2 Rh6 22. Rfc1 b3 23. axb3 Qxb3 24. Nc3 Kf8 25. Bf4 Rd6 26. Nd3 Rf6 27. Ra1 1-0

[Event "Early-Titled-Tuesday-Blitz-January-23-2024"]
[Site "Chess.com"]
[Date "2024.01.23"]
[Round "11"]
[White "martinmena"]
[Black "maurovargas01"]
[Result "1-0"]
[WhiteElo "2070"]
[BlackElo "1839"]
[TimeControl "180+1"]
[EndTime "10:06:43 PST"]
[Termination "martinmena won by checkmate"]

1. c4 e5 2. Nc3 Nc6 3. g3 f5 4. Bg2 Nf6 5. e3 Bb4 6. Nge2 O-O 7. O-O Bxc3 8. Nxc3 Ne7 9. Nd5 Nexd5 10. cxd5 d6 11. b4 Qe8 12. Bb2 Qg6 13. f4 exf4 14. Rxf4 Ng4 15.
Rc1 Rf7 16. Rfc4 Qh6 17. h3 Nxe3 18. dxe3 Qxe3+ 19. Kh2 f4 20. Rxf4 Rxf4 21. gxf4 Qxf4+ 22. Kh1 Qg3 23. Rxc7 Bxh3 24. Rxg7+ Kf8 25. Qf1+ Ke8 26. Qf7+ Kd8 27. Qf8# 1-0

[Event "Early-Titled-Tuesday-Blitz-January-23-2024"]
[Site "Chess.com"]
[Date "2024.01.23"]
[Round "11"]
[White "Huragan007"]
[Black "luckyswitchback"]
[Result "0-1"]
[WhiteElo "2548"]
[BlackElo "2698"]
[TimeControl "180+1"]
[EndTime "10:06:45 PST"]
[Termination "luckyswitchback won by resignation"]

1. e4 c6 2. d4 d5 3. Nc3 dxe4 4. Nxe4 Nf6 5. Nxf6+ exf6 6. c3 Bd6 7. Bd3 O-O 8. Qc2 Re8+ 9. Ne2 h5 10. O-O h4 11.
h3 Nd7 12. Nf4 Qc7 13. Nh5 Nf8 14. f4 c5 15. Bd2 Bd7 16. f5 Qb6 17. dxc5 Qxc5+ 18.
Kh1 Bc6 19. Bf4 Bxf4 20. Rxf4 Qe3 21. Rxh4 Qg5 22. Qf2 Re3 23. Kh2 Rxd3 24. Rg4 Qxh5 25. Qe2 Qxf5 26. Rf1 Qh7 27. Rff4 Rad8 28. Rh4 Rd2 29.
Qg4 Qxh4 0-1

[Event "Early-Titled-Tuesday-Blitz-January-23-2024"]
[Site "Chess.com"]
[Date "2024.01.23"]
[Round "11"]
[White "Statham_01"]
[Black "CaspiIsrael"]
[Result "1-0"]
[WhiteElo "2547"]
[BlackElo "2665"]
[TimeControl "180+1"]
[EndTime "10:06:45 PST"]
[Termination "Statham_01 won by resignation"]

1. e4 d5 2. exd5 Qxd5 3. Nf3 Bg4 4. Be2 Nc6 5. d4 e5 6. c4 Qa5+ 7. Bd2 Qa6 8. c5 Bxf3 9. Bxa6 Bxd1 10. Bxb7 Nxd4 11.
Bxa8 Bh5 12. Na3 Bxc5 13. Rc1 Bb6 14. Nc4 Ne7 15. Nxe5 O-O 16. Bf3 Nxf3+ 17. Nxf3 Nf5 18. O-O Bxf3 19. gxf3 Rd8 20. Rfd1 Nh4 21. Be3 Re8 22.
Bxb6 cxb6 23. Rd3 g5 24. Kf1 Re7 25. Rc4 h6 26. f4 g4 27. f5 h5 28. h3 Nf3 29. hxg4 Nh2+ 30. Kg2 Nxg4 31. Rh3 Nf6 32. Rc6 Kg7 33. Rg3+ Ng4 34. f6+ Kf8 35. fxe7+ Kxe7 36. Rc7+ Ke6 37. Rxg4 hxg4 38. Rxa7 f5 39. Ra6 1-0

[Event "Early-Titled-Tuesday-Blitz-January-23-2024"]
[Site "Chess.com"]
[Date "2024.01.23"]
[Round "11"]
[White "Kotofeyca"]
[Black "ClaudiaSof"]
[Result "1-0"]
[WhiteElo "2367"]
[BlackElo "2253"]
[TimeControl "180+1"]
[EndTime "10:06:45 PST"]
[Termination "Kotofeyca won by resignation"]

1. d4 e6 2. c4 f5 3. Nc3 Nf6 4. Bg5 Bb4 5. Qc2 b6 6. f3 Bb7 7. e3 O-O 8. Bd3 Bxc3+ 9. Qxc3 d6 10. O-O-O Nbd7 11. Ne2 Qe8 12. Qc2 c5 13. d5 exd5 14. Bxf5 dxc4 15. Rxd6 g6 16. Be6+ Kg7 17. Qxc4 h6 18.
Bxd7 Nxd7 19. Re6 Ne5 20. Bxh6+ Kxh6 21. Qh4+ Kg7 22. Rxe8 Raxe8 23. Rd1 Ba6 24. Nf4 Rf6 25.
g3 Re7 26. Rd5 Nxf3 27. Qg4 Ne5 28. Qg5 Nf3 29. Nh5+ 1-0

[Event "Early-Titled-Tuesday-Blitz-January-23-2024"]
[Site "Chess.com"]
[Date "2024.01.23"]
[Round "11"]
[White "pr1105"]
[Black "NtcPou"]
[Result "1-0"]
[WhiteElo "2282"]
[BlackElo "2004"]
[TimeControl "180+1"]
[EndTime "10:06:45 PST"]
[Termination "pr1105 won by checkmate"]

1. e4 c6 2. d4 d5 3. Nd2 dxe4 4.
Nxe4 Bf5 5. Ng3 Bg6 6. h4 h6 7. Nf3 Nd7 8. h5 Bh7 9. Bd3 Bxd3 10. Qxd3 e6 11. Bd2 Ngf6 12. O-O-O Be7 13. Kb1 O-O 14. Ne4 Nxe4 15. Qxe4 Nf6 16. Qe2 Qd5 17. Be3 Qe4 18.
Ne5 Nd5 19. g4 Nxe3 20. fxe3 Rad8 21. Rhf1 Bg5 22. Rf3 c5 23. Rdf1 cxd4 24. Nxf7 Rxf7 25. Rxf7 dxe3 26. Rc7 Rd2 27. Rc8+ Kh7 28. Rff8 g6 29. Rf7# 1-0

[Event "Early-Titled-Tuesday-Blitz-January-23-2024"]
[Site "Chess.com"]
[Date "2024.01.23"]
[Round "11"]
[White "Juicy_Fork"]
[Black "Ural_bogatyr"]
[Result "0-1"]
[WhiteElo "2435"]
[BlackElo "2535"]
[TimeControl "180+1"]
[EndTime "10:06:46 PST"]
[Termination "Ural_bogatyr won on time"]

1. e4 e5 2. Nf3 Nc6 3. Bb5 a6 4. Ba4 Nf6 5. O-O Nxe4 6. d4 b5 7. Bb3 d5 8. dxe5 Be6 9. Qe2 Bc5 10. Rd1 O-O 11. Be3 Bxe3 12. Qxe3 Na5 13. Nbd2 Nxd2 14.
Rxd2 c6 15. Nd4 Qc7 16. f4 c5 17. Nxe6 fxe6 18. c3 Nc4 19. Bxc4 bxc4 20. b3 cxb3 21. axb3 a5 22. h4 Rab8 23. c4 d4 24. Qg3 Rb4 25.
Rd3 Rfb8 26. h5 h6 27. Ra3 Qf7 28. Qg4 a4 29. Rxa4 Rxb3 30. Rxb3 Rxb3 31. Ra8+ Kh7 32.
Ra6 Qf5 33. Qd1 Rb1 0-1